[Event "ICCopen2017"]
[Site "Internet Chess Club"]
[Date "2017.04.02"]
[Round "8"]
[White "tirandopiezas"]
[Black "nahuels1992"]
[Result "1-0"]
[ICCResult "Black resigns"]
[WhiteElo "2024"]
[BlackElo "1660"]
[Opening "two knights defense: Fritz, Gruber variation"]
[ECO "C57"]
[NIC "KP.01"]
[Time "20:32:35"]
[TimeControl "180+0"]

1. e4 e5 2. Nf3 Nc6 3. Bc4 Nf6 4. Ng5 d5 5. exd5 Nd4 6. c3 b5 7. Bf1 Nxd5 8.
Ne4 Ne6 9. Bxb5+ Bd7 10. Qa4 Nc5 11. Nxc5 Bxc5 12. O-O Nb6 13. Bxd7+ Qxd7
14. Qe4 O-O 15. Qxe5 Bd6 16. Qh5 Rfe8 17. d4 Nc4 18. Nd2 Nxd2 19. Bxd2 Qb5
20. Qxb5 {Black resigns} 1-0

[Event "ICCopen2017"]
[Site "Internet Chess Club"]
[Date "2017.04.02"]
[Round "8"]
[White "rovov"]
[Black "MisticKnights13"]
[Result "1-0"]
[ICCResult "Black checkmated"]
[WhiteElo "1770"]
[BlackElo "1554"]
[Opening "English opening: Agincourt variation"]
[ECO "A13"]
[NIC "QP.11"]
[Time "20:32:38"]
[TimeControl "180+0"]

1. Nf3 e6 2. c4 d5 3. e3 Nf6 4. b3 Nc6 5. Bb2 Be7 6. Be2 O-O 7. O-O b6 8. d4
Bb7 9. Nc3 Re8 10. Rc1 Bf8 11. Bd3 e5 12. dxe5 Nxe5 13. Nxe5 Rxe5 14. Nxd5
Re6 15. Nxf6+ gxf6 16. Qg4+ Kh8 17. Rfd1 Qe7 18. Bf5 Rd6 19. Rxd6 Qxd6 20.
Qh4 h6 21. Bxf6+ Bg7 22. Qxh6+ Kg8 23. Qxg7# {Black checkmated} 1-0

[Event "ICCopen2017"]
[Site "Internet Chess Club"]
[Date "2017.04.02"]
[Round "8"]
[White "Ecalevol123"]
[Black "SIRPALADIN"]
[Result "0-1"]
[ICCResult "White resigns"]
[WhiteElo "1710"]
[BlackElo "1883"]
[Opening "Queen's pawn game"]
[ECO "A45"]
[NIC "QP.07"]
[Time "20:32:50"]
[TimeControl "180+0"]

1. d4 Nf6 2. Nc3 c5 3. Nf3 cxd4 4. Nxd4 Nc6 5. Nxc6 bxc6 6. e4 d6 7. Be2 g6
8. O-O Bg7 9. Be3 O-O 10. Qd2 Re8 11. Bh6 Bh8 12. f4 Qb6+ 13. Kh1 Qxb2 14.
Rab1 Qa3 15. Rb3 Qa5 16. e5 Nd5 17. Bc4 Nxc3 18. Rxc3 d5 19. Bd3 d4
{White resigns}
0-1

[Event "ICCopen2017"]
[Site "Internet Chess Club"]
[Date "2017.04.02"]
[Round "8"]
[White "HombreLaPaz"]
[Black "Mandragora"]
[Result "0-1"]
[ICCResult "White checkmated"]
[WhiteElo "1301"]
[BlackElo "1562"]
[Opening "Van't Kruijs opening"]
[ECO "A00"]
[Time "20:32:17"]
[TimeControl "180+0"]

1. e3 e5 2. Ne2 d5 3. a3 c5 4. c4 d4 5. d3 Nc6 6. exd4 cxd4 7. Ng3 Bd6 8.
Ne4 Bc7 9. c5 f5 10. Ng5 Nf6 11. Qb3 Qe7 12. Nd2 h6 13. Ngf3 g5 14. Be2 Rb8
15. O-O Be6 16. Qc2 g4 17. Nh4 Kf7 18. f3 Nd5 19. fxg4 Ne3 20. Qb1 Nxf1 21.
Nxf1 Qxh4 22. Ng3 f4 23. Bf3 fxg3 24. h3 h5 25. g5 Bxh3 26. Qc2 Bg4 27. Qe2
Qh2+ 28. Kf1 Qh1# {White checkmated} 0-1

[Event "ICCopen2017"]
[Site "Internet Chess Club"]
[Date "2017.04.02"]
[Round "8"]
[White "DrDeath"]
[Black "NWRiver"]
[Result "1-0"]
[ICCResult "Black checkmated"]
[WhiteElo "1794"]
[BlackElo "1589"]
[Opening "Van't Kruijs opening"]
[ECO "A00"]
[Time "20:32:21"]
[TimeControl "180+0"]

1. e3 e5 2. c4 d6 3. Qc2 Nf6 4. Nc3 Be7 5. b3 c6 6. Bb2 Nbd7 7. Nf3 b6 8. a3
Bb7 9. b4 Rc8 10. Rc1 a6 11. Qb1 O-O 12. Ng5 h6 13. h4 d5 14. Be2 e4 15. f4
Nh7 16. Ncxe4 dxe4 17. Qxe4 Ndf6 18. Qc2 c5 19. Bg4 Rc7 20. Bf5 g6 21. Bxg6
fxg6 22. Qxg6+ Kh8 23. Qxh7# {Black checkmated} 1-0

[Event "ICCopen2017"]
[Site "Internet Chess Club"]
[Date "2017.04.02"]
[Round "8"]
[White "kabindra"]
[Black "simplerxiao"]
[Result "0-1"]
[ICCResult "White resigns"]
[WhiteElo "1632"]
[BlackElo "1992"]
[Opening "Scotch gambit: Dubois-Réti defense"]
[ECO "C55"]
[NIC "KP.02"]
[Time "20:32:50"]
[TimeControl "180+0"]

1. e4 e5 2. Nf3 Nc6 3. Bc4 Nf6 4. d4 exd4 5. e5 d5 6. Bd3 Ne4 7. Qe2 Bf5 8.
Bg5 Be7 9. Bxe7 Qxe7 10. Nbd2 Nxe5 11. Nxe4 dxe4 12. Bxe4 Bxe4 13. Qxe4
Nxf3+ 14. gxf3 Qxe4+ 15. fxe4 O-O-O 16. O-O-O g6 17. f3 c5 18. c3 dxc3 19.
bxc3 Rxd1+ 20. Rxd1 Rd8 21. Re1 Kc7 22. Kc2 Kc6 23. Re3 Kb5 24. Kb3 Rd2 25.
a4+ Kc6 26. h4 Rh2 27. e5 Rxh4 28. e6 fxe6 29. Rxe6+ Kd7 30. Rf6 Ke7
{White resigns}
0-1

[Event "ICCopen2017"]
[Site "Internet Chess Club"]
[Date "2017.04.02"]
[Round "8"]
[White "Unico"]
[Black "GregoryHouse"]
[Result "1-0"]
[ICCResult "Black resigns"]
[WhiteElo "2411"]
[BlackElo "2032"]
[Opening "Philidor: Improved Hanham variation"]
[ECO "B07"]
[NIC "VO.17"]
[Time "20:32:09"]
[TimeControl "180+0"]

1. e4 d6 2. Nf3 Nf6 3. Nc3 Nbd7 4. d4 e5 5. Be3 Be7 6. h3 O-O 7. Qd2 c6 8.
O-O-O Qc7 9. Kb1 b5 10. Bd3 Nb6 11. g4 b4 12. Ne2 a5 13. dxe5 dxe5 14. Nxe5
Na4 15. Nc4 Be6 16. e5 Nd5 17. Bg5 Bxg5 18. Qxg5 Rab8 19. Nd4 h6 20. Nxe6
hxg5 21. Nxc7 Nxc7 22. h4 Ne6 23. hxg5 Rfd8 24. g6 fxg6 25. Bxg6 Rxd1+ 26.
Rxd1 Rf8 27. Bf5 Nec5 28. Rd6 {Black resigns} 1-0

[Event "ICCopen2017"]
[Site "Internet Chess Club"]
[Date "2017.04.02"]
[Round "8"]
[White "jbow79"]
[Black "Heian"]
[Result "0-1"]
[ICCResult "White resigns"]
[WhiteElo "928"]
[BlackElo "1497"]
[Opening "Queen's pawn game"]
[ECO "D02"]
[NIC "QP.08"]
[Time "20:32:08"]
[TimeControl "180+0"]

1. d4 d5 2. Nf3 e6 3. g3 Nf6 4. Bg2 Bd6 5. O-O Nbd7 6. Bg5 O-O 7. c3 b6 8.
Nbd2 Bb7 9. b4 h6 10. Bxf6 Nxf6 11. Re1 Ne4 12. Nxe4 dxe4 13. Nd2 f5 14. Nc4
Rb8 15. Nxd6 cxd6 16. e3 d5 17. Rc1 Rc8 18. Qb3 Ba6 19. Bf1 Bxf1 20. Kxf1
Rc4 21. Re2 Rf7 22. Rec2 Rfc7 23. a4 Qc8 24. b5 g5 25. h3 Kg7 26. Ke2 Qe8
27. Kd2 Qh5 28. Rh1 Qf3 29. Rcc1 Qxf2+ {White resigns} 0-1

[Event "ICCopen2017"]
[Site "Internet Chess Club"]
[Date "2017.04.02"]
[Round "8"]
[White "MassCarnage"]
[Black "oli2"]
[Result "1-0"]
[ICCResult "Black resigns"]
[WhiteElo "1952"]
[BlackElo "1725"]
[Opening "Sicilian: Grand Prix attack, Schofman variation"]
[ECO "B23"]
[NIC "SI.44"]
[Time "20:32:06"]
[TimeControl "180+0"]

1. e4 c5 2. Nc3 Nc6 3. f4 g6 4. Nf3 Bg7 5. Bc4 e6 6. f5 Nge7 7. fxg6 hxg6 8.
d3 d5 9. Bb3 O-O 10. O-O Nd4 11. Ng5 Nxb3 12. axb3 Nc6 13. Qg4 Ne5 14. Qh4
Re8 15. Bf4 Re7 16. Bxe5 Bxe5 17. Qh7+ Kf8 18. Rxf7+ Ke8 19. Raf1 Qd6 20.
Rxe7+ Qxe7 21. Qg8+ Kd7 22. Rf7 {Black resigns} 1-0

[Event "ICCopen2017"]
[Site "Internet Chess Club"]
[Date "2017.04.02"]
[Round "8"]
[White "nekochabo"]
[Black "Federicov"]
[Result "0-1"]
[ICCResult "White resigns"]
[WhiteElo "2685"]
[BlackElo "3071"]
[Opening "English opening"]
[ECO "A05"]
[NIC "QP.11"]
[Time "20:32:20"]
[TimeControl "180+0"]

1. Nf3 Nf6 2. c4 g6 3. b3 Bg7 4. Bb2 O-O 5. g3 d6 6. d4 c5 7. Bg2 Nc6 8. O-O
cxd4 9. Nxd4 Bd7 10. Nc3 Qa5 11. e3 Rac8 12. Qd2 Qh5 13. Nde2 Ne5 14. f3
Rfe8 15. Nf4 Qh6 16. h4 g5 17. hxg5 Qxg5 18. Nce2 b5 19. cxb5 Bxb5 20. Nd4
Bxf1 21. Rxf1 Qxg3 22. Nf5 Qg5 23. Nxg7 Qxg7 24. Kf2 Kh8 25. Rh1 Rg8 26. Kf1
Qg3 27. Qe2 Rg7 28. Rh3 Qg5 29. Rh1 Rcg8 30. Bd4 Qf5 31. Kf2 Nd3+ 32. Kf1
Nxf4 {White resigns} 0-1

[Event "ICCopen2017"]
[Site "Internet Chess Club"]
[Date "2017.04.02"]
[Round "8"]
[White "hipopotamos"]
[Black "GYMEJR"]
[Result "0-1"]
[ICCResult "White checkmated"]
[WhiteElo "1183"]
[BlackElo "1475"]
[Opening "Sicilian defense"]
[ECO "B30"]
[NIC "SI.31"]
[Time "20:32:53"]
[TimeControl "180+0"]

1. e4 c5 2. Nf3 Nc6 3. Nc3 d6 4. Bb5 Bd7 5. O-O a6 6. Be2 e6 7. d3 Nf6 8.
Bg5 Be7 9. h3 O-O 10. Qc1 Nd4 11. Nxd4 cxd4 12. Nd1 Rc8 13. Bh6 gxh6 14.
Qxh6 Kh8 15. Bh5 Ng8 16. Qf4 Bg5 17. Qg4 Nh6 18. Qg3 Rxc2 19. f3 Rg8 20. Nf2
Be8 21. Kh1 Be3 22. Ng4 f5 23. Qh4 Qxh4 24. Nf6 Qxf6 25. Bxe8 Rgxg2 26. Rf2
Rcxf2 27. Rg1 Rh2# {White checkmated} 0-1

[Event "ICCopen2017"]
[Site "Internet Chess Club"]
[Date "2017.04.02"]
[Round "8"]
[White "marabu"]
[Black "NEO2017"]
[Result "1-0"]
[ICCResult "Black checkmated"]
[WhiteElo "2093"]
[BlackElo "1714"]
[Opening "Nimzovich-Larsen attack"]
[ECO "A01"]
[NIC "VO.08"]
[Time "20:31:48"]
[TimeControl "180+0"]

1. b3 f6 2. Bb2 Nh6 3. e4 Nf7 4. Nf3 e5 5. d4 d6 6. dxe5 fxe5 7. c4 Be6 8.
Nc3 Nc6 9. Bd3 Be7 10. Qe2 O-O 11. Nd5 Bxd5 12. cxd5 Nb4 13. Bb1 c5 14. a3
Na6 15. O-O Nc7 16. Bd3 Ng5 17. Nxg5 Bxg5 18. b4 Qe7 19. bxc5 dxc5 20. Rac1
Ne8 21. g3 Bxc1 22. Bxc1 Nd6 23. Be3 b6 24. Bc2 Qf6 25. Kg2 Rf7 26. f4 Qe7
27. f5 g6 28. g4 gxf5 29. gxf5 Rg7+ 30. Kh1 Qf6 31. a4 Kh8 32. Qf3 Rag8 33.
Bd1 Qh4 34. f6 Rg3 35. f7 Rxf3 36. fxg8=Q+ Kxg8 37. Bxf3 Nxe4 38. Rg1+ Kf7
39. Rg4 Nf2+ 40. Bxf2 Qxf2 41. Be4 Qe1+ 42. Kg2 Qe2+ 43. Kg3 h5 44. Rh4 Qe3+
45. Bf3 Qe1+ 46. Kh3 Qf1+ 47. Kg3 Qg1+ 48. Kh3 Qf1+ 49. Kg3 Kg6 50. Re4 Kg5
51. Rxe5+ Kf6 52. Rxh5 Kg6 53. Re5 Qa1 54. Re6+ Kf5 55. Bg4+ Kg5 56. h4#
{Black checkmated}
1-0

[Event "ICCopen2017"]
[Site "Internet Chess Club"]
[Date "2017.04.02"]
[Round "8"]
[White "Tlaloc"]
[Black "akibael"]
[Result "1-0"]
[ICCResult "Black resigns"]
[WhiteElo "2510"]
[BlackElo "2195"]
[Opening "Réti: King's Indian attack (Barcza system)"]
[ECO "A07"]
[NIC "QP.09"]
[Time "20:33:09"]
[TimeControl "180+0"]

1. Nf3 d5 2. g3 Nf6 3. Bg2 g6 4. O-O Bg7 5. d3 O-O 6. Nbd2 c5 7. e4 Nc6 8.
Re1 dxe4 9. dxe4 Bg4 10. h3 Bxf3 11. Qxf3 Nd4 12. Qd1 Nd7 13. c3 Nc6 14. Qe2
Nde5 15. f4 Nd3 16. Rd1 Nxc1 17. Raxc1 Qa5 18. a3 Rfd8 19. e5 e6 20. Ne4
Rxd1+ 21. Rxd1 Rd8 22. Nd6 Qc7 23. Qb5 Rd7 24. Qxc5 a6 25. Bxc6 bxc6 26. Rd4
Bf8 27. Kg2 f6 28. Qc4 Re7 29. exf6 {Black resigns} 1-0

[Event "ICCopen2017"]
[Site "Internet Chess Club"]
[Date "2017.04.02"]
[Round "8"]
[White "CapitanCentella"]
[Black "Cjon"]
[Result "1-0"]
[ICCResult "Black resigns"]
[WhiteElo "1750"]
[BlackElo "1420"]
[Opening "Queen's gambit accepted"]
[ECO "D20"]
[NIC "QG.03"]
[Time "20:32:43"]
[TimeControl "180+0"]

1. d4 d5 2. c4 dxc4 3. Nc3 Bd7 4. e4 b5 5. Nf3 e6 6. Ne5 Bb4 7. Qf3 Bxc3+ 8.
bxc3 Qe7 9. Be2 Nf6 10. O-O Nc6 11. Ng4 Nxg4 12. Qxg4 g6 13. a4 e5 14. Qg3
exd4 15. axb5 Ne5 16. Ba3 Qf6 17. cxd4 Nd3 18. Qxc7 Rc8 19. Qxa7 Qxd4 20.
Qxd4 {Black resigns} 1-0

[Event "ICCopen2017"]
[Site "Internet Chess Club"]
[Date "2017.04.02"]
[Round "8"]
[White "jaribu"]
[Black "ChessGeneral111"]
[Result "1-0"]
[ICCResult "Black resigns"]
[WhiteElo "1497"]
[BlackElo "1342"]
[Opening "Queen's pawn: Chigorin variation"]
[ECO "D00"]
[NIC "QP.08"]
[Time "20:34:20"]
[TimeControl "180+0"]

1. d4 d5 2. Nc3 e6 3. Nf3 Nf6 4. Ne5 Nbd7 5. f4 Nxe5 6. fxe5 Nd7 7. Qd3 f6
8. Bf4 fxe5 9. dxe5 c5 10. g4 Qe7 11. Bg2 b6 12. h4 Bb7 13. Nb5 O-O-O 14.
Nd6+ Kb8 15. Nxb7 Kxb7 16. c4 Nb8 17. cxd5 Rxd5 18. Bxd5+ exd5 19. Qxd5+ Nc6
20. O-O-O {Black resigns} 1-0

[Event "ICCopen2017"]
[Site "Internet Chess Club"]
[Date "2017.04.02"]
[Round "8"]
[White "FGM21"]
[Black "RWu"]
[Result "1-0"]
[ICCResult "Black resigns"]
[WhiteElo "1921"]
[BlackElo "1780"]
[Opening "Sicilian: Najdorf"]
[ECO "B90"]
[NIC "SI.14"]
[Time "20:31:51"]
[TimeControl "180+0"]

1. e4 c5 2. Nf3 d6 3. d4 cxd4 4. Nxd4 Nf6 5. Nc3 a6 6. f3 e5 7. Nb3 Be6 8.
Be3 Nc6 9. Nd5 Bxd5 10. exd5 Ne7 11. c4 Rc8 12. Qd2 Qc7 13. Bd3 Ng6 14. O-O
Be7 15. Rac1 O-O 16. Bf5 Rcd8 17. Qf2 Nd7 18. Rfd1 Qb8 19. Bb6 Nxb6 20. Qxb6
Nf4 21. Rc2 Bg5 22. g3 Ng6 23. h4 Bh6 24. Na5 Ne7 25. Bh3 f5 26. Qxb7 Be3+
27. Kh2 Qxb7 28. Nxb7 Rd7 29. Na5 Rb8 30. Nc6 Nxc6 31. dxc6 Rdd8 32. c7
{Black resigns}
1-0

[Event "ICCopen2017"]
[Site "Internet Chess Club"]
[Date "2017.04.02"]
[Round "8"]
[White "DaveyJones"]
[Black "kaalzar"]
[Result "0-1"]
[ICCResult "White checkmated"]
[WhiteElo "1474"]
[BlackElo "1381"]
[Opening "English: three knights system"]
[ECO "A27"]
[NIC "EO.21"]
[Time "20:32:10"]
[TimeControl "180+0"]

1. c4 e5 2. Nc3 Nc6 3. Nf3 Bc5 4. e3 d6 5. d4 exd4 6. exd4 Bb6 7. Be2 Bg4 8.
O-O Nge7 9. d5 Bxf3 10. Bxf3 Ne5 11. Be2 O-O 12. a3 N7g6 13. Na4 Qh4 14.
Nxb6 axb6 15. Be3 Nxc4 16. g3 Qe4 17. Bd3 Nxe3 18. Bxe4 Nxd1 19. Raxd1 Rae8
20. f3 Ne5 21. Rc1 Re7 22. Rf2 Rfe8 23. Rfc2 f5 24. Bxf5 Nxf3+ 25. Kf2 Nd4
26. Be6+ Nxe6 27. dxe6 Rxe6 28. Rxc7 Re2+ 29. Kf1 Rxb2 30. Rxb7 h6 31. Rd1
Ree2 32. Rxd6 Rxh2 33. Rd8+ Kh7 34. Rdd7 Rh1# {White checkmated} 0-1

[Event "ICCopen2017"]
[Site "Internet Chess Club"]
[Date "2017.04.02"]
[Round "8"]
[White "TerryR"]
[Black "Last7Samurai"]
[Result "0-1"]
[ICCResult "White resigns"]
[WhiteElo "2659"]
[BlackElo "2743"]
[Opening "QGD semi-Slav: Ekstrom variation"]
[ECO "D44"]
[NIC "SL.07"]
[Time "20:32:09"]
[TimeControl "180+0"]

1. d4 d5 2. Nf3 Nf6 3. c4 c6 4. Nc3 e6 5. Bg5 dxc4 6. e4 b5 7. e5 h6 8. Bh4
g5 9. exf6 gxh4 10. Ne5 Qxf6 11. g3 Nd7 12. Qe2 Bb7 13. Bg2 Nxe5 14. dxe5
Qg5 15. f4 Qd8 16. Rd1 Qb6 17. Ne4 Bb4+ 18. Kf1 Rd8 19. Nf6+ Ke7 20. a3
Rxd1+ 21. Qxd1 Rd8 22. Qh5 Rd2 23. Ne4 Rxb2 24. Qxh4+ Kd7 25. axb4 Qe3 26.
Nf6+ Kc8 {White resigns} 0-1

[Event "ICCopen2017"]
[Site "Internet Chess Club"]
[Date "2017.04.02"]
[Round "8"]
[White "egyptiantiger"]
[Black "msenger"]
[Result "0-1"]
[ICCResult "White resigns"]
[WhiteElo "1666"]
[BlackElo "1525"]
[Opening "Modern defense"]
[ECO "A42"]
[NIC "KI.20"]
[Time "20:31:58"]
[TimeControl "180+0"]

1. d4 d6 2. c4 g6 3. Nc3 Bg7 4. h3 Nf6 5. Nf3 O-O 6. e4 c5 7. Be2 cxd4 8.
Nxd4 Nc6 9. Be3 a6 10. Qd2 Qc7 11. O-O-O Nxd4 12. Bxd4 Be6 13. b3 b5 14.
cxb5 axb5 15. Kb1 b4 16. Nb5 Qa5 17. f3 Rfb8 18. Bxf6 Bxf6 19. Nd4 Bxd4 20.
Qxd4 Qxa2+ 21. Kc1 Qxe2 22. Rd2 Qa6 23. Kd1 Qa1+ 24. Ke2 Qxd4 25. Rxd4 Ra2+
26. Ke3 Bxb3 27. Rc1 Be6 28. g4 b3 29. Rb1 Rc2 30. f4 b2 31. Rdd1 Ba2 32.
Kd3 Bxb1 33. Rxb1 Rc1 {White resigns} 0-1

[Event "ICCopen2017"]
[Site "Internet Chess Club"]
[Date "2017.04.02"]
[Round "8"]
[White "spoks7th"]
[Black "thxgg"]
[Result "1-0"]
[ICCResult "Black resigns"]
[WhiteElo "2127"]
[BlackElo "1839"]
[Opening "French: Winawer (Nimzovich) variation"]
[ECO "C15"]
[NIC "FR.08"]
[Time "20:31:48"]
[TimeControl "180+0"]

1. e4 e6 2. d4 d5 3. Nc3 Bb4 4. a3 Bxc3+ 5. bxc3 dxe4 6. Qg4 Nf6 7. Qxg7 Rg8
8. Qh6 Rg6 9. Qd2 Nc6 10. Ne2 Nd5 11. c4 Nf6 12. Bb2 Bd7 13. Nf4 Rg8 14. a4
e5 15. dxe5 Ng4 16. Qd5 Bf5 17. h3 Ngxe5 18. Bxe5 Qxd5 19. Nxd5 Nxe5 20.
Nxc7+ Kd7 21. Nxa8 Rxa8 22. O-O-O+ Kc7 23. g4 Be6 24. Bg2 Nxc4 25. Bxe4 h6
26. f4 Re8 27. f5 Bd7 28. Bd5 Ne3 29. Bxf7 Nxd1 30. Bxe8 Nf2 31. Rh2 Nxg4
32. hxg4 Bxe8 33. Rxh6 Bc6 34. Rh7+ {Black resigns} 1-0

[Event "ICCopen2017"]
[Site "Internet Chess Club"]
[Date "2017.04.02"]
[Round "8"]
[White "kofigan"]
[Black "blunderville"]
[Result "0-1"]
[ICCResult "White resigns"]
[WhiteElo "1187"]
[BlackElo "1544"]
[Opening "Two knights defense (Modern bishop's opening)"]
[ECO "C55"]
[NIC "IG.01"]
[Time "20:33:14"]
[TimeControl "180+0"]

1. e4 e5 2. Nf3 Nc6 3. Bc4 Nf6 4. d3 Be7 5. c3 d6 6. O-O O-O 7. Nbd2 Be6 8.
Bb5 a6 9. Bxc6 bxc6 10. Qc2 Rb8 11. b3 Nd7 12. Bb2 f5 13. d4 f4 14. c4 Bg4
15. dxe5 Nxe5 16. Bxe5 Bxf3 17. Nxf3 dxe5 18. Nxe5 Qd6 19. Nf3 Qg6 20. Rad1
Bd6 21. e5 Qxc2 22. exd6 cxd6 23. Rxd6 Qxa2 24. Ne5 Qxb3 25. Rxc6 Rbc8 26.
Rxa6 Rxc4 27. Rfa1 Rd4 28. Nc6 Rd1+ {White resigns} 0-1

[Event "ICCopen2017"]
[Site "Internet Chess Club"]
[Date "2017.04.02"]
[Round "8"]
[White "BoldPlan"]
[Black "chess-caleb"]
[Result "0-1"]
[ICCResult "White resigns"]
[WhiteElo "1875"]
[BlackElo "1774"]
[Opening "Giuoco Pianissimo"]
[ECO "C55"]
[NIC "IG.01"]
[Time "20:32:36"]
[TimeControl "180+0"]

1. e4 e5 2. Nf3 Nc6 3. Bc4 Nf6 4. d3 Bc5 5. c3 O-O 6. Bb3 d6 7. h3 Bb6 8.
Nbd2 Be6 9. Bc2 h6 10. Nf1 d5 11. Qe2 Re8 12. g4 dxe4 13. dxe4 Na5 14. b3
Nc6 15. Ng3 Ba5 16. Bd2 Qe7 17. a4 a6 18. b4 Bb6 19. Be3 Bxe3 20. Qxe3 Bc4
21. Nd2 Be6 22. O-O Rad8 23. Kh2 Nh7 24. Nf5 Bxf5 25. gxf5 Ng5 26. Rg1 Rxd2
27. Rxg5 Qxg5 28. Qxg5 hxg5 29. Bb3 Rxf2+ 30. Kg3 Rf4 31. Rd1 Rd8 32. Rxd8+
Nxd8 {White resigns} 0-1

[Event "ICCopen2017"]
[Site "Internet Chess Club"]
[Date "2017.04.02"]
[Round "8"]
[White "cap78red"]
[Black "vangani"]
[Result "0-1"]
[ICCResult "White checkmated"]
[WhiteElo "1272"]
[BlackElo "1432"]
[Opening "English: Anglo-Dutch defense"]
[ECO "A10"]
[NIC "HD.14"]
[Time "20:32:48"]
[TimeControl "180+0"]

1. c4 f5 2. Nc3 e6 3. e4 fxe4 4. Qh5+ g6 5. Qe5 Nf6 6. Nxe4 Bg7 7. d4 O-O 8.
Bg5 Nxe4 9. Qxg7+ Kxg7 10. Bxd8 Rxd8 11. Bd3 Nf6 12. Nf3 Rf8 13. h4 Nh5 14.
Ne5 d6 15. Ng4 Nc6 16. f3 Nxd4 17. Kd2 e5 18. b3 Bxg4 19. fxg4 Nf4 20. Raf1
Nxd3 21. Kxd3 Rxf1 22. Rxf1 Rf8 23. Re1 Rf2 24. Kc3 Rxg2 25. Kb4 Nc2+ 26.
Ka4 Nxe1 27. a3 Rxg4 28. b4 Rxc4 29. h5 g5 30. Ka5 a6 31. b5 axb5 32. Kxb5
Rc5+ 33. Ka4 g4 34. Kb4 g3 35. a4 g2 36. a5 g1=Q 37. a6 bxa6 38. Kb3 Rb5+
39. Ka4 Qg4+ 40. Ka3 Qb4+ 41. Ka2 Ra5# {White checkmated} 0-1

[Event "ICCopen2017"]
[Site "Internet Chess Club"]
[Date "2017.04.02"]
[Round "8"]
[White "Bojongrenged"]
[Black "xvs"]
[Result "1-0"]
[ICCResult "Black resigns"]
[WhiteElo "1702"]
[BlackElo "1845"]
[Opening "Anderssen's opening"]
[ECO "A00"]
[NIC "VO.14"]
[Time "20:32:57"]
[TimeControl "180+0"]

1. a3 e5 2. d4 exd4 3. Nf3 Nf6 4. Qxd4 d5 5. c3 Be7 6. Bg5 O-O 7. e3 Nc6 8.
Qa4 Bg4 9. Bxf6 Bxf3 10. Bxe7 Nxe7 11. gxf3 c6 12. Nd2 Ng6 13. Bd3 Ne5 14.
Be2 g6 15. f4 Nd7 16. O-O-O Qc7 17. h4 Nc5 18. Qc2 a5 19. h5 b5 20. Nb3 Ne6
21. Nd4 Ng7 22. hxg6 fxg6 23. Bg4 Rf6 24. f3 b4 25. cxb4 axb4 26. a4 Qb7 27.
b3 Qc7 28. Qh2 Ne8 29. f5 h5 30. Qxc7 {Black resigns} 1-0

[Event "ICCopen2017"]
[Site "Internet Chess Club"]
[Date "2017.04.02"]
[Round "8"]
[White "yijiqishi"]
[Black "croder"]
[Result "1-0"]
[ICCResult "Black resigns"]
[WhiteElo "1929"]
[BlackElo "1588"]
[Opening "Lengfellner system"]
[ECO "B07"]
[NIC "QO.17"]
[Time "20:31:58"]
[TimeControl "180+0"]

1. d4 d6 2. e4 e6 3. Nc3 Nf6 4. Nf3 Be7 5. Bc4 O-O 6. O-O a6 7. a4 Bd7 8. h3
c6 9. e5 dxe5 10. Nxe5 Nd5 11. Ne4 b5 12. Be2 f6 13. Nd3 Bc8 14. Ndc5 Bxc5
15. Nxc5 Nd7 16. axb5 Nxc5 17. dxc5 cxb5 18. Bxb5 Qc7 19. Be3 Bb7 20. Bc4
Nxe3 21. Bxe6+ Kh8 22. fxe3 Qxc5 23. Qd4 Qg5 24. Rf2 Rad8 25. Qf4 Qc5 26.
Bf5 Bc8 27. Bd3 a5 28. Qh4 f5 29. Raf1 g6 30. Qf4 a4 31. Kh1 a3 32. bxa3
Qxa3 33. Qe5+ Kg8 34. Bc4+ Rf7 35. Qc7 Qf8 36. Bxf7+ Kh8 37. e4 Rd7 38. Qc3+
Qg7 39. Qxg7+ Kxg7 40. Be6 Rc7 41. Bxc8 Rxc8 42. exf5 gxf5 43. Rxf5 Rxc2 44.
Rf7+ Kg6 45. R7f6+ Kg7 46. R1f3 Rc1+ 47. Kh2 Rc7 48. R6f4 h6 49. g4 Kg6 50.
Kg3 Re7 51. Rf6+ Kg7 52. Ra6 Rb7 53. h4 Rc7 54. g5 h5 55. Rd3 Re7 56. Rad6
Kf7 57. Rd7 Ke6 58. Rxe7+ Kxe7 59. Kf4 Kf7 60. Kf5 Kg7 61. g6 Kh6 62. Rd6
Kg7 63. Kg5 {Black resigns} 1-0

[Event "ICCopen2017"]
[Site "Internet Chess Club"]
[Date "2017.04.02"]
[Round "8"]
[White "DGint"]
[Black "matnik"]
[Result "0-1"]
[ICCResult "White resigns"]
[WhiteElo "1721"]
[BlackElo "1575"]
[Opening "Sicilian: closed"]
[ECO "B23"]
[NIC "SI.44"]
[Time "20:32:37"]
[TimeControl "180+0"]

1. e4 c5 2. Nc3 d6 3. f4 Nc6 4. Nf3 a6 5. g3 e6 6. Bg2 Nf6 7. d3 Be7 8. O-O
O-O 9. h3 e5 10. f5 Nd4 11. g4 h6 12. g5 Nxf3+ 13. Qxf3 hxg5 14. Bxg5 b5 15.
Kh2 b4 16. Nd5 Nxd5 17. exd5 Bxg5 18. Rg1 Bf4+ 19. Kh1 Bxf5 20. Qh5 Bg6 21.
Qg4 Qc8 22. Qh4 Qf5 23. Be4 Qh5 24. Qxh5 Bxh5 25. Raf1 f5 26. Bg2 Bh6 27. h4
Rf6 28. Bh3 Raf8 29. Rg2 e4 30. dxe4 fxe4 31. Be6+ Kh8 32. Rfg1 Bf3
{White resigns}
0-1

[Event "ICCopen2017"]
[Site "Internet Chess Club"]
[Date "2017.04.02"]
[Round "8"]
[White "Harmony1957"]
[Black "jefferyx"]
[Result "0-1"]
[ICCResult "White resigns"]
[WhiteElo "2224"]
[BlackElo "2751"]
[Opening "Polish defense"]
[ECO "A40"]
[NIC "QO.17"]
[Time "20:32:06"]
[TimeControl "180+0"]

1. d4 b5 2. e4 a6 3. Nf3 Bb7 4. Bd3 e6 5. O-O Nf6 6. Re1 d5 7. exd5 Qxd5 8.
c4 bxc4 9. Nc3 Qc6 10. d5 Nxd5 11. Be4 Be7 12. Bxd5 exd5 13. Bg5 f6 14. Nd4
Qd7 15. Bxf6 gxf6 16. Ne6 Qd6 17. Ng7+ Kd8 18. Nf5 Qd7 19. Nxe7 d4 20. Ncd5
Nc6 21. Nxc6+ Bxc6 22. Ne7 Bb7 23. Qh5 Re8 24. Qf7 Rxe7 25. Qxf6 a5 26. Qh8+
Re8 27. Rxe8+ Qxe8 28. Qxd4+ Kc8 29. Qxc4 Ra6 30. Qg4+ Kb8 31. Qf4 Rg6 32.
f3 Qe2 33. Qf8+ Bc8 {White resigns} 0-1

[Event "ICCopen2017"]
[Site "Internet Chess Club"]
[Date "2017.04.02"]
[Round "8"]
[White "marjose"]
[Black "Chamanx"]
[Result "1-0"]
[ICCResult "Black checkmated"]
[WhiteElo "1749"]
[BlackElo "1385"]
[Opening "Ruy Lopez: Anderssen variation"]
[ECO "C77"]
[NIC "RL.12"]
[Time "20:31:59"]
[TimeControl "180+0"]

1. e4 e5 2. Nf3 Nc6 3. Bb5 a6 4. Ba4 Nf6 5. d3 b5 6. Bb3 Be7 7. c3 O-O 8.
Nbd2 d5 9. Qe2 d4 10. Nf1 Bg4 11. h3 Bxf3 12. Qxf3 dxc3 13. bxc3 b4 14. Bd2
bxc3 15. Bxc3 Nd4 16. Qe3 Bc5 17. Qd2 Rb8 18. Bc4 a5 19. Ng3 Bb4 20. O-O
Bxc3 21. Qxc3 c5 22. Kh1 Nd7 23. f4 Nb6 24. fxe5 Nxc4 25. Qxc4 Qg5 26. Kh2
Ne6 27. Rf5 Qg6 28. Raf1 Rb2 29. R1f2 Rxf2 30. Rxf2 h5 31. Nf5 Re8 32. Qd5
h4 33. Qd7 Qg3+ 34. Nxg3 hxg3+ 35. Kxg3 Rd8 36. Qe7 Rf8 37. Rxf7 Rxf7 38.
Qxe6 Kf8 39. Qc8+ Ke7 40. e6 Rf6 41. Qd7+ Kf8 42. e7+ Kf7 43. e8=Q#
{Black checkmated}
1-0